AoeStats
← TheBunjiMunji

Arena

510291154Analyzed
4v4 RM · 14h ago on Sep 30, 2026· 64m 39s· 8 players
Game mode
Random Map
Map size
Large (8 player)
Population
200
Speed
Normal
Resources
Standard
Victory
Conquest
Starting age
Dark Age
Ending age
Imperial Age
RankedLock teamsTeams togetherTeam positionsShared explorationLock speedFull tech treeHidden civsTurbo modeCheats
Victory
Defeat
🇨🇳 Mongols · China
873
+15
🇲🇾 Persians · Malaysia
871
+15
🇬🇧 Georgians · United Kingdom
860
+16
🇨🇳 Franks · China
856
+16
🇺🇸 Japanese · United States
871
-16
🇹🇷 Spanish · Türkiye
865
-16
🇦🇺 Franks · Australia
865
-16
🇪🇸 Dravidians · Spain
829
-14
梦寐一秋.
10:29 Feudal Age
14:54 Castle Age
14:06 Double-Bit Axe
16:35 Bow Saw
25:09 Forging
24:59 Scale Mail Armor
25:55 Gold Mining
25:55 Stone Mining
29:39 Imperial Age
28:57 Gold Shaft Mining
29:16 Iron Casting
28:57 Chain Mail Armor
29:51 Caravan
32:08 Elite Throwing Axeman
32:52 Chivalry
33:13 Conscription
33:22 Loom
34:12 Wheelbarrow
34:09 Elite Throwing Axeman
36:37 Blast Furnace
36:07 Plate Mail Armor
35:42 Husbandry
35:03 Cavalier
36:58 Paladin
42:51 Light Cavalry
54:34 Scale Barding Armor
55:34 Chain Barding Armor
58:19 Plate Barding Armor
TheBunjiMunji
11:46 Feudal Age
17:31 Castle Age
16:00 Horse Collar
16:06 Double-Bit Axe
18:54 Bow Saw
18:46 Heavy Plow
24:56 Loom
25:37 Svan Towers
25:25 Fletching
26:44 Wheelbarrow
26:02 Town Watch
31:10 Imperial Age
29:22 Stone Mining
29:23 Gold Mining
29:57 Bodkin Arrow
30:41 Ballistics
30:32 Fortified Wall
31:05 Murder Holes
31:54 Town Patrol
32:09 Hand Cart
32:31 Bracer
33:34 Chemistry
34:10 Crop Rotation
34:17 Stone Shaft Mining
35:07 Arrowslits
36:25 Conscription
38:00 Padded Archer Armor
37:53 Guard Tower
38:08 Caravan
41:21 Keep
41:02 Leather Archer Armor
42:07 Treadmill Crane
Kevin
0:48 Loom
12:18 Feudal Age
16:58 Castle Age
15:01 Double-Bit Axe
16:31 Horse Collar
17:32 Light Cavalry
25:12 Wheelbarrow
24:41 Heavy Plow
24:52 Bow Saw
25:38 Stone Mining
27:05 Stone Shaft Mining
27:43 Scale Barding Armor
27:50 Forging
27:30 Fletching
27:41 Padded Archer Armor
28:11 Gold Mining
29:50 Gold Shaft Mining
29:05 Town Watch
29:35 Hand Cart
32:02 Crossbowman
32:49 Thumb Ring
33:07 Ballistics
32:57 Fortified Wall
32:49 Bodkin Arrow
33:09 Leather Archer Armor
33:30 Iron Casting
33:16 Chain Barding Armor
33:09 Bloodlines
32:59 Husbandry
35:56 Imperial Age
33:56 Masonry
35:25 Murder Holes
37:16 Conscription
36:46 Elite Mangudai
38:03 Hoardings
37:11 Hussar
37:55 Bracer
38:57 Blast Furnace
38:41 Parthian Tactics
37:55 Capped Ram
40:01 Chemistry
39:07 Siege Ram
41:54 Drill
44:37 Siege Engineers
44:34 Scale Mail Armor
54:48 Elite Steppe Lancer
Blues_1111
13:49 Feudal Age
14:09 Double-Bit Axe
19:48 Castle Age
19:28 Horse Collar
20:25 Bow Saw
20:21 Heavy Plow
23:25 Gold Mining
24:07 Pikeman
24:49 Squires
27:04 Forging
32:08 Imperial Age
29:27 Loom
30:28 Wheelbarrow
31:11 Gold Shaft Mining
31:46 Iron Casting
32:23 Hand Cart
31:42 Crossbowman
32:31 Thumb Ring
33:16 Kamandaran
33:39 Conscription
33:13 Capped Ram
35:13 Blast Furnace
36:10 Two-Man Saw
35:44 Crop Rotation
36:21 Stone Mining
36:07 Halberdier
36:53 Fletching
37:36 Ballistics
37:58 Bodkin Arrow
39:00 Scale Mail Armor
45:30 Arson
56:54 Chain Mail Armor
56:33 Siege Ram
58:59 Husbandry
59:07 Cavalier
60:21 Bloodlines
64:24 Light Cavalry
Anipazronkin
0:31 Loom
1:58 Loom
2:36 Loom
2:48 Loom
3:17 Loom
3:27 Loom
3:56 Loom
4:29 Loom
5:10 Loom
13:58 Feudal Age
15:39 Wheelbarrow
14:52 Double-Bit Axe
14:49 Horse Collar
15:01 Gold Mining
18:15 Town Watch
20:56 Castle Age
19:18 Stone Mining
22:15 Hand Cart
22:12 Bow Saw
22:04 Heavy Plow
22:42 Gold Shaft Mining
33:51 Imperial Age
32:11 Squires
31:56 Arson
32:16 Scale Mail Armor
32:07 Fletching
33:17 Chain Mail Armor
33:13 Forging
33:49 Bodkin Arrow
34:18 Ballistics
34:08 Fortified Wall
33:53 Murder Holes
33:39 Treadmill Crane
34:10 Masonry
34:34 Elite Samurai
36:46 Plate Mail Armor
36:51 Iron Casting
38:38 Hoardings
41:22 Chemistry
41:57 Blast Furnace
40:57 Bracer
41:08 Caravan
41:54 Kataparuto
41:54 Conscription
41:35 Yasama
47:45 Town Patrol
48:11 Pikeman
48:43 Halberdier
TrakaTra
1:41 Loom
11:35 Feudal Age
13:16 Horse Collar
16:26 Double-Bit Axe
21:02 Castle Age
20:39 Wheelbarrow
19:59 Gold Mining
20:07 Stone Mining
20:35 Town Watch
26:02 Heavy Plow
27:18 Bow Saw
28:13 Gambesons
28:30 Squires
28:17 Arson
27:57 Pikeman
27:59 Man-at-Arms
28:04 Elite Skirmisher
33:32 Caravan
34:02 Coinage
37:33 Imperial Age
35:21 Hand Cart
35:42 Town Patrol
37:33 Forging
37:15 Fletching
37:25 Padded Archer Armor
37:26 Scale Mail Armor
37:31 Scale Barding Armor
38:11 Thumb Ring
37:41 Halberdier
37:41 Long Swordsman
38:29 Husbandry
39:43 Two-Man Saw
39:42 Iron Casting
41:24 Medical Corps
41:31 Medical Corps
41:48 Wootz Steel
41:15 Two-Handed Swordsman
42:04 Champion
46:32 Blast Furnace
45:49 Leather Archer Armor
45:49 Chain Mail Armor
45:30 Bodkin Arrow
45:56 Chain Barding Armor
46:32 Wootz Steel
52:49 Wootz Steel
TheHam
3:51 Loom
11:33 Feudal Age
17:04 Castle Age
15:04 Double-Bit Axe
16:52 Stone Mining
17:57 Gold Mining
18:21 Bow Saw
18:50 Town Watch
23:41 Wheelbarrow
27:24 Fortified Wall
27:12 Murder Holes
28:21 Hand Cart
28:10 Town Patrol
29:16 Fletching
33:11 Imperial Age
31:23 Forging
31:09 Bodkin Arrow
31:17 Scale Mail Armor
31:12 Ordonnance Companies
32:56 Husbandry
33:55 Ballistics
33:46 Masonry
34:29 Gold Shaft Mining
35:32 Chemistry
34:40 Siege Engineers
34:05 Cavalier
34:49 Chivalry
36:02 Conscription
38:14 Iron Casting
37:45 Scale Barding Armor
37:56 Chain Mail Armor
40:36 Paladin
49:08 Pikeman
49:53 Halberdier
50:34 Squires
51:05 Gambesons
54:52 Blast Furnace
54:23 Plate Mail Armor
57:08 Chain Barding Armor
Malatyalı44
4:49 Loom
11:14 Feudal Age
13:33 Horse Collar
17:21 Castle Age
16:22 Double-Bit Axe
16:58 Gold Mining
17:31 Stone Mining
19:40 Bow Saw
20:32 Heavy Plow
23:07 Wheelbarrow
27:24 Husbandry
30:27 Pikeman
31:08 Squires
35:39 Imperial Age
34:22 Arson
34:24 Gambesons
35:15 Caravan
35:40 Inquisition
35:51 Scale Barding Armor
35:57 Forging
35:47 Scale Mail Armor
35:48 Padded Archer Armor
35:38 Fletching
36:02 Elite Conquistador
38:11 Halberdier
39:20 Conscription
39:56 Ballistics
41:08 Chain Mail Armor
40:31 Elite Skirmisher
45:23 Coinage
45:33 Hand Cart
45:30 Fortified Wall
46:21 Chemistry
50:06 Plate Mail Armor
50:12 Iron Casting
49:58 Chain Barding Armor
49:53 Leather Archer Armor
50:41 Bodkin Arrow
51:02 Leather Archer Armor
51:50 Two-Man Saw
52:19 Supremacy
52:36 Hoardings
52:08 Cavalier
54:44 Bloodlines
53:55 Light Cavalry
56:06 Bracer
62:22 Ring Archer Armor
Connection lost

Rejoining the realm…

Still unreachable

The connection could not be restored.

Session expired

The server has moved on; the page needs a fresh start.